[Event "Team 45 45 League T90"]
[Site "Internet Chess Club"]
[Date "2021.11.11"]
[Round "6"]
[White "ChessG2011"]
[Black "piirimae"]
[Result "1-0"]
[WhiteElo "1440"]
[BlackElo "1250"]
[Opening "French: advance, Paulsen attack"]
[ECO "C02"]
[Time "13:00:47"]
[PlyCount "127"]
[TimeControl "2700+45"]

1. e4 e6 2. d4 d5 3. e5 c5 4. c3 Nc6 5. Nf3 Qb6 6. Be2 cxd4 7. cxd4 Bb4+ 8. Nc3
Nge7 9. a3 Bxc3+ 10. bxc3 O-O 11. Qc2 Nf5 12. Bd3 f6 13. Bf4 fxe5 14. Nxe5 Nfxd4
15. Bxh7+ Kh8 16. Ng6+ Kxh7 17. Nxf8+ Kg8 18. cxd4 Kxf8 19. Bd6+ Kg8 20. Bc5
Nxd4 21. Bxd4 Qxd4 22. O-O Bd7 23. Qd1 Qf6 24. Rb1 Bc6 25. Re1 Rf8 26. Qe2 d4
27. Qxe6+ Kh8 28. Qxf6 Rxf6 29. Red1 Rd6 30. Rb2 d3 31. f3 Ba4 32. Rdd2 b6 33.
Rb4 Bc2 34. Kf2 Rh6 35. h3 Rh5 36. Rb2 b5 37. Rb4 a5 38. Rb2 Rc5 39. Ke3 Rc3 40.
Rxb5 Rxa3 41. Rb8+ Kh7 42. Ra8 Ra1 43. Kf2 a4 44. Ra6 a3 45. Ke3 a2 46. Kd4 Bb3
47. Rxd3 Rb1 48. Rxb3 a1=Q+ 49. Rxa1 Rxa1 50. Ke4 Kg6 51. Kf4 Rg1 52. g3 Kh5 53.
g4+ Kh4 54. Rb7 g5+ 55. Kf5 Kxh3 56. Kxg5 Kg3 57. Rf7 Rf1 58. Kg6 Rxf3 59. Rxf3+
Kxf3 60. g5 Kg4 61. Kf6 Kh5 62. g6 Kh6 63. g7 Kh7 64. Kf7 {Black resigns} 1-0

[Event "Team 45 45 League T90"]
[Site "Internet Chess Club"]
[Date "2021.11.12"]
[Round "6"]
[White "VictorRed"]
[Black "Gojira"]
[Result "1/2-1/2"]
[WhiteElo "1648"]
[BlackElo "1591"]
[Opening "Queen's pawn game, Darooha variation "]
[ECO "D02"]
[Time "23:25:35"]
[PlyCount "79"]
[TimeControl "2700+45"]

1. Nf3 d5 2. d4 Nf6 3. g3 Bf5 4. Bg2 h6 5. O-O e6 6. Nc3 c6 7. Re1 Nbd7 8. Nh4
Bh7 9. f4 Be7 10. Nf3 Ne4 11. Nxe4 Bxe4 12. e3 Nf6 13. c3 b5 14. Bh3 Nd7 15. Nd2
Bf5 16. Bg2 Nf6 17. h3 Ne4 18. Nxe4 Bxe4 19. Bxe4 dxe4 20. Qg4 Rg8 21. b3 Qd5
22. Rf1 Qf5 23. Qxf5 exf5 24. a4 b4 25. c4 a5 26. Bb2 Bf6 27. Rf2 Kd7 28. Rd1
Rgd8 29. d5 Bxb2 30. Rxb2 c5 31. Rbd2 Kd6 32. Kh2 f6 33. Rg2 g5 34. fxg5 fxg5
35. Rf1 Rf8 36. Rgf2 Ke5 37. Kg2 Ra6 38. Rd1 Rd6 39. Rdf1 Rdf6 40. Kh2 {Game
drawn by mutual agreement} 1/2-1/2

[Event "Team 45 45 League T90"]
[Site "Internet Chess Club"]
[Date "2021.11.14"]
[Round "6"]
[White "RD1974"]
[Black "kabindra"]
[Result "0-1"]
[WhiteElo "1510"]
[BlackElo "1654"]
[Opening "QGD: Grau (Sahovic) defense"]
[ECO "D06"]
[Time "17:00:37"]
[PlyCount "118"]
[TimeControl "2700+45"]

1. d4 d5 2. c4 Bf5 3. Nc3 e6 4. cxd5 exd5 5. a3 Nc6 6. Nf3 Nf6 7. Bf4 Bd6 8. Bg5
Be7 9. e3 O-O 10. Bd3 Ne4 11. Bxe7 Nxe7 12. Ne5 c6 13. O-O f6 14. Nf3 Ng6 15.
Qc2 Qe7 16. Rac1 Rfe8 17. b4 Rac8 18. Na4 b6 19. Nd2 Qd7 20. Nxe4 dxe4 21. Bc4+
Kh8 22. Nc3 b5 23. Bb3 a6 24. Rcd1 Rcd8 25. Qa2 Nh4 26. d5 Qc8 27. d6 Qd7 28.
Bf7 Rf8 29. Bh5 Bg4 30. Nxe4 Bxh5 31. f3 Bf7 32. Qf2 Ng6 33. Nc5 Qa7 34. d7 Ne5
35. Rd6 Qc7 36. Rfd1 Bd5 37. R6xd5 cxd5 38. Rxd5 Rf7 39. Qd2 Rfxd7 40. Nxd7 Rxd7
41. f4 Rxd5 42. Qxd5 Nf7 43. Qa8+ Qd8 44. Qa7 Kg8 45. Kf2 h6 46. Qxa6 Qd2+ 47.
Kf3 Qd1+ 48. Kf2 Qd2+ 49. Kf3 Qd5+ 50. Kf2 Nd6 51. g4 Ne4+ 52. Ke2 Nc3+ 53. Kf2
Qd2+ 54. Kg3 Qxe3+ 55. Kh4 Qf2+ 56. Kh3 Kh7 57. Qe6 Qf3+ 58. Kh4 g5+ 59. fxg5
hxg5+ {White resigns} 0-1

[Event "Team 45 45 League T90"]
[Site "Internet Chess Club"]
[Date "2021.11.14"]
[Round "6"]
[White "gduranko"]
[Black "Toalla"]
[Result "1-0"]
[WhiteElo "1417"]
[BlackElo "1134"]
[Opening "Caro-Kann: exchange variation"]
[ECO "B13"]
[Time "12:46:16"]
[PlyCount "47"]
[TimeControl "2700+45"]

1. e4 c6 2. d4 d5 3. exd5 cxd5 4. Bd3 Nc6 5. c3 e5 6. dxe5 Nxe5 7. Bb5+ Nc6 8.
Nf3 a6 9. Ba4 b5 10. Bb3 Be6 11. O-O Be7 12. Bf4 Nf6 13. Nd4 Nxd4 14. Qxd4 Bd6
15. Bg5 Be7 16. Nd2 O-O 17. Rfe1 h6 18. Bh4 Re8 19. a4 Ng4 20. Bxe7 Qxe7 21.
axb5 axb5 22. Rxa8 Rxa8 23. Qxg4 Bxg4 24. Rxe7 {Black resigns} 1-0

[Event "Team 45 45 League T90"]
[Site "Internet Chess Club"]
[Date "2021.11.14"]
[Round "6"]
[White "BrerRabbit"]
[Black "g8wrb"]
[Result "1/2-1/2"]
[WhiteElo "1344"]
[BlackElo "1294"]
[Opening "Queen's pawn"]
[ECO "A40"]
[Time "15:02:40"]
[PlyCount "89"]
[TimeControl "2700+45"]

1. d4 e6 2. Nf3 b6 3. g3 Bb7 4. Bg2 Nf6 5. O-O Bd6 6. c4 c5 7. Nc3 O-O 8. Nb5
Be7 9. Bf4 Nc6 10. d5 exd5 11. cxd5 Nxd5 12. Qxd5 Na5 13. Qd1 a6 14. Nc3 Rc8 15.
Bd6 Re8 16. Bxe7 Rxe7 17. Nd2 Bxg2 18. Kxg2 d5 19. f3 d4 20. Nce4 f5 21. Nf2 Qd5
22. b3 Rce8 23. Re1 Qe5 24. Nd3 Qe3 25. Nf1 Qg5 26. Rc1 h5 27. h4 Qg6 28. Qd2
Nc6 29. Nf4 Qh6 30. Nd5 Rxe2+ 31. Rxe2 Rxe2+ 32. Qxe2 Qxc1 33. Qe8+ Kh7 34. Qxc6
Qc2+ 35. Kh3 Qf2 36. Nh2 Qxa2 37. Nf4 Qxb3 38. Qg6+ Kg8 39. Qxf5 Qe3 40. Qc8+
Kh7 41. Qxa6 Qb3 42. Qb7 c4 43. Qd5 d3 44. Qxh5+ Kg8 45. Qe8+ {Game drawn by
mutual agreement} 1/2-1/2

[Event "Team 45 45 League T90"]
[Site "Internet Chess Club"]
[Date "2021.11.13"]
[Round "6"]
[White "SeniorCitizen"]
[Black "bardu"]
[Result "1-0"]
[WhiteElo "1309"]
[BlackElo "1291"]
[Opening "Danish gambit: Sorensen defense"]
[ECO "C21"]
[Time "13:34:22"]
[PlyCount "39"]
[TimeControl "2700+45"]

1. e4 e5 2. d4 exd4 3. c3 d5 4. Qxd4 dxe4 5. Qxd8+ Kxd8 6. Be3 Bd6 7. Nd2 f5 8.
Bc4 Nf6 9. Ne2 Bd7 10. O-O h6 11. h3 g5 12. f3 exf3 13. Nxf3 Nc6 14. Nfd4 Ke7
15. Nxf5+ Bxf5 16. Rxf5 Raf8 17. Raf1 Nd7 18. Nd4 Nxd4 19. Bxd4 Kd8 20. Bxh8
{Black resigns} 1-0

[Event "Team 45 45 League T90"]
[Site "Internet Chess Club"]
[Date "2021.11.14"]
[Round "6"]
[White "Denis240964"]
[Black "Gojira"]
[Result "1-0"]
[WhiteElo "1399"]
[BlackElo "1566"]
[Opening "Sicilian: closed"]
[ECO "B23"]
[Time "13:02:01"]
[PlyCount "81"]
[TimeControl "2700+45"]

1. e4 c5 2. Nc3 g6 3. d3 Nc6 4. Nf3 Bg7 5. g3 d6 6. Bg2 e6 7. O-O Nge7 8. Ne2 b5
9. c3 Bb7 10. d4 c4 11. Ne1 d5 12. e5 Qb6 13. f4 O-O 14. Nf3 a5 15. Be3 f6 16.
Qd2 Rad8 17. g4 b4 18. Rab1 Rd7 19. g5 fxg5 20. Nxg5 Nd8 21. Bh3 h6 22. Nf3 Nf5
23. Bf2 Rdf7 24. Ng3 Nxg3 25. hxg3 Bc8 26. Nh4 g5 27. Ng6 Re8 28. cxb4 Qxb4 29.
Qc2 Bd7 30. Be3 Ba4 31. b3 cxb3 32. axb3 Bb5 33. Rf2 gxf4 34. Nxf4 Bd7 35. Qg6
Nc6 36. Nh5 Ree7 37. Rxf7 Rxf7 38. Nf6+ Kf8 39. Nxd7+ Rxd7 40. Rf1+ Kg8 41.
Bxe6+ {Black resigns} 1-0

[Event "Team 45 45 League T90"]
[Site "Internet Chess Club"]
[Date "2021.11.14"]
[Round "6"]
[White "rkjulianjr"]
[Black "gregorgg"]
[Result "0-1"]
[WhiteElo "1317"]
[BlackElo "1377"]
[Opening "King's Indian defense"]
[ECO "E60"]
[Time "14:45:55"]
[PlyCount "166"]
[TimeControl "2700+45"]

1. d4 Nf6 2. c4 g6 3. f3 Bg7 4. e4 O-O 5. Nc3 c5 6. d5 e6 7. Bg5 Qa5 8. Qd2 exd5
9. cxd5 d6 10. Nb5 Qxd2+ 11. Bxd2 Ne8 12. Bc3 Bxc3+ 13. Nxc3 Nd7 14. Bb5 a6 15.
Be2 Ne5 16. f4 Nd7 17. Nf3 b5 18. Kf2 Nc7 19. Rhd1 Re8 20. Bd3 Nf6 21. Kg1 b4
22. Ne2 Nxe4 23. Bc4 Nf6 24. h3 Bb7 25. a3 Bxd5 26. Bxd5 Ncxd5 27. Ng3 Rad8 28.
f5 Ne3 29. Rd3 Nxf5 30. Nxf5 gxf5 31. axb4 cxb4 32. Rxa6 Ne4 33. Rd5 Ra8 34. Rb6
Rab8 35. Rc6 Rbc8 36. Rb6 Rc5 37. Rd4 Rec8 38. Rbxb4 Rc1+ 39. Kh2 Rb1 40. Nd2
Nxd2 41. Rxd2 Rc6 42. Rf2 Rc5 43. Rb6 Rd5 44. Rb3 Kg7 45. Rc2 Re5 46. Rb7 Rc5
47. Re2 Re5 48. Rd2 Re6 49. Rf2 Kf6 50. g4 Re5 51. Rb6 Ke6 52. gxf5+ Rxf5 53.
Re2+ Re5 54. Rd2 Rd5 55. Re2+ Kd7 56. Rg2 Ke6 57. Re2+ Kf6 58. Rb7 Re5 59. Rf2+
Rf5 60. Re2 d5 61. Rb6+ Kg7 62. Rg2+ Kf8 63. Rb8+ Ke7 64. Re2+ Kd6 65. Rb3 Re5
66. Rf2 f5 67. Kg3 Kc5 68. Rc2+ Kd4 69. Kf4 Rf1+ 70. Kg5 f4+ 71. Kg4 Re3 72.
Rb4+ Kd3 73. Rc3+ Kd2 74. Rd4+ Ke2 75. Rxd5 Rxc3 76. bxc3 f3 77. Re5+ Kf2 78.
Rf5 Kg2 79. Rd5 f2 80. Rd2 Rc1 81. Re2 Kg1 82. Kg3 f1=Q 83. Rh2 Rxc3+ {White
resigns} 0-1

[Event "Team 45 45 League T90"]
[Site "Internet Chess Club"]
[Date "2021.11.14"]
[Round "6"]
[White "Megasus"]
[Black "CMAlge"]
[Result "1-0"]
[WhiteElo "1488"]
[BlackElo "1232"]
[Opening "Queen's pawn game, Darooha variation "]
[ECO "D02"]
[Time "15:01:44"]
[PlyCount "53"]
[TimeControl "2700+45"]

1. Nf3 d5 2. d4 Nf6 3. c3 c5 4. e3 e6 5. Nbd2 Nbd7 6. Bb5 Bd6 7. h3 O-O 8. b3
Qa5 9. Be2 Qxc3 10. Rb1 Qa5 11. a4 Ne4 12. Bb2 Re8 13. O-O Qc7 14. Rc1 b6 15. b4
Bb7 16. bxc5 bxc5 17. dxc5 Ndxc5 18. Nb3 Qb6 19. Nfd4 Nxb3 20. Nxb3 Bc6 21. Bd4
Qc7 22. Bb5 Bh2+ 23. Kh1 Bg3 24. Rxc6 Bxf2 25. Rxc7 Bg3 26. Qf3 Nf2+ 27. Rxf2
{Black resigns} 1-0

[Event "Team 45 45 League T90"]
[Site "Internet Chess Club"]
[Date "2021.11.15"]
[Round "6"]
[White "Fulmar"]
[Black "rhayder"]
[Result "1-0"]
[WhiteElo "1327"]
[BlackElo "952"]
[Opening "Sicilian: closed"]
[ECO "B24"]
[Time "19:02:53"]
[PlyCount "49"]
[TimeControl "2700+45"]

1. e4 c5 2. Nc3 Nc6 3. g3 Nf6 4. Bg2 e5 5. Nge2 d6 6. d3 Be6 7. O-O Be7 8. f4
Bg4 9. h3 Bxe2 10. Nxe2 O-O 11. Be3 d5 12. exd5 Nxd5 13. Bd2 Qd7 14. fxe5 Nxe5
15. Kh1 Rad8 16. Nc3 Nxc3 17. Bxc3 Bd6 18. Qh5 b6 19. Bxe5 g6 20. Qg5 h6 21. Qf6
Bxe5 22. Qxe5 Rde8 23. Qd5 Qe6 24. Qxe6 Rxe6 25. Rae1 {Black resigns} 1-0